 Dungeon Crawl Stone Soup version 0.21.1-1-g345015f (webtiles) character file.

100 inmateoo the Skirmisher (level 4, -5/63 HPs)
             Began as a Minotaur Fire Elementalist on Feb 18, 2018.
             Killed from afar by Robin (6 damage)
             ... with a wand of flame (12)
             ... on level 3 of the Dungeon.
             The game lasted 00:03:29 (2805 turns).

inmateoo the Skirmisher (MiFE)                      Turns: 2805, Time: 00:03:29

Health: -5/63      AC:  2    Str: 17    XL:     4   Next: 46%
Magic:  5/5        EV: 12    Int: 13    God:
Gold:   50         SH:  0    Dex: 11    Spells: 4/5 levels left

rFire    . . .     SeeInvis .   k - +0 trident
rCold    . . .     Gourm    .   (no shield)
rNeg     . . .     Faith    .   a - +0 robe
rPois    .         Spirit   .   (helmet restricted)
rElec    .         Reflect  .   (no cloak)
rCorr    .         Harm     .   (no gloves)
MR       .....                  (no boots)
Stlth    ..........             j - amulet of magic regeneration
HPRegen  0.20/turn              (no ring)
MPRegen  0.34/turn              (no ring)

@: berserking, very quick
A: retaliatory headbutt, horns 2
a: no special abilities


You were on level 3 of the Dungeon.
You were hungry.

You visited 1 branch of the dungeon, and saw 4 of its levels.

You collected 50 gold pieces.

Inventory:

Hand Weapons
 d - a +0 mace
 k - a +0 trident (weapon)
Armour
 a - a +0 robe (worn)
Jewellery
 j - an amulet of magic regeneration (around neck)
Scrolls
 i - a scroll of identify
Potions
 h - 2 potions of invisibility
Books
 b - a book of Flames

   Spells                             Type                      Level
   a - Flame Tongue                   Conjuration/Fire             1
   b - Throw Flame                    Conjuration/Fire             2
   c - Conjure Flame                  Conjuration/Fire             3
   d - Inner Flame                    Hexes/Fire                   3
   e - Sticky Flame                   Conjuration/Fire             4
   f - Fireball                       Conjuration/Fire             5
Comestibles
 c - 5 rations


   Skills:
 + Level 5.1 Fighting
 - Level 2.1 Dodging
 - Level 1.5 Stealth
 - Level 1.3 Spellcasting
 - Level 0.6 Conjurations
 - Level 2.1 Fire Magic


You had 4 spell levels left.
You knew the following spells:

 Your Spells              Type           Power        Failure   Level  Hunger
a - Flame Tongue          Conj/Fire      #....        16%         1    ##.....


Dungeon Overview and Level Annotations

Branches:
Dungeon (4/15)
 Temple: D:4-7

Altars:
Ashenzari
Makhleb
Qazlal

Annotations:
D:3 Robin


Innate Abilities, Weirdness & Mutations

You reflexively headbutt those who attack you in melee.
You have a pair of horns on your head.


Message History

* * * LOW HITPOINT WARNING * * *
You barely miss the orc.
The orc is almost dead.
Robin points. "Kill!"
Robin barely misses you.
Attack whom?
Press: ? - help, Dir - move target cursor, f - orc
Aim: an orc, wielding a whip and wearing a leather armour (almost dead)
You hit the orc but do no damage.
The orc is almost dead.
The orc closely misses you. Robin hits you from afar with a spear.
* * * LOW HITPOINT WARNING * * *
Unknown command.
Attack whom?
Press: ? - help, Dir - move target cursor, f/p - orc
Aim: an orc, wielding a whip and wearing a leather armour (almost dead)
You barely miss the orc.
You kill the orc!
Robin zaps a wand.
The puff of flame hits you!
You die...

#######.#....#.......#
......#...#..#.......#
#.....#####.##.......#
#.......g....#.#.#####
#.....#####).#...(#
#.....#........#..#
#.....#.....##.#.(#
###รท#.#.###....#..#
#....#.......>#@.#
#....#####....#).#
#.....g..#.$..g..#
#........#(####..#
#........[.......#
#..........####....
#..........# #.....
#..........# #.......
##.#..#.#..# #.......


You could see Robin.

Vanquished Creatures
  A gnoll (D:1)
  2 adders (D:2)
  An ooze (D:2)
  2 worms (D:2)
  A dart slug (D:2)
  5 orcs (D:3)
  5 bats
  2 giant cockroaches (D:2)
  11 goblins
  9 hobgoblins
  2 jackals (D:1)
  2 kobolds
  A frilled lizard (D:3)
  7 rats
51 creatures vanquished.

Notes
Turn   | Place    | Note
-------+----------+-------------------------------------------
     0 | D:1      | inmateoo the Minotaur Fire Elementalist began the quest for the Orb.
     0 | D:1      | Reached XP level 1. HP: 14/14 MP: 1/1
   103 | D:1      | Reached skill level 1 in Fighting
   353 | D:1      | Reached skill level 2 in Fighting
   354 | D:1      | Reached XP level 2. HP: 3/24 MP: 0/3
   759 | D:1      | Reached skill level 3 in Fighting
  1127 | D:1      | Reached XP level 3. HP: 20/31 MP: 1/4
  1386 | D:2      | Found a shattered altar of Ashenzari.
  1709 | D:2      | Found a stormy altar of Qazlal.
  1717 | D:2      | Reached skill level 4 in Fighting
  1935 | D:2      | Reached XP level 4. HP: 40/41 MP: 5/5
  2013 | D:2      | Found a stormy altar of Qazlal.
  2181 | D:3      | Noticed a sky beast
  2593 | D:3      | Reached skill level 5 in Fighting
  2751 | D:3      | Noticed Robin
  2784 | D:3      | HP: 2/42 [Robin/wand of flame (14) (11)]
  2794 | D:4      | Found a burning altar of Makhleb.
  2802 | D:3      | HP: 2/63 [orc/whip (2)]
  2805 | D:3      | Killed from afar by Robin

Skill      XL: |  1  2  3  4 |
---------------+-------------+-----
Fighting       | 2 3 4 5 |  5.1
Dodging        | |  2.1
Stealth        | |  1.5
Spellcasting   | |  1.3
Conjurations   | |  0.6
Fire Magic     | |  2.1

Action                   |  1- 3 |  4- 6 || total
-------------------------+-------+-------++-------
Melee: Unarmed           |    10 |       ||    10
       Mace              |     8 |       ||     8
       Headbutt          |    11 |     6 ||    17
       Spear             |    73 |    26 ||    99
       Trident           |       |    11 ||    11
 Cast: Flame Tongue      |    23 |    18 ||    41
  Use: Scroll            |     3 |     2 ||     5
       Potion            |       |     1 ||     1
 Stab: Sleeping          |     3 |     1 ||     4
  Eat: Chunk             |     4 |     3 ||     7
Armor: Robe              |    20 |     6 ||    26
Dodge: Dodged            |    60 |    37 ||    97
